 Dungeon Crawl Stone Soup version 0.23.2-33-g5129a83184 (webtiles) character file.

Game seed: 12952909641545465331

28 truemonolith the Cudgeler (level 3, 22/32 HPs)
             Began as a Deep Dwarf Gladiator on Apr 24, 2019.
             Quit the game on level 1 of the Dungeon on July 23, 2019.
             The game lasted 00:01:49 (409 turns).

truemonolith the Cudgeler (Deep Dwarf Gladiator)     Turns: 409, Time: 00:01:50

Health: 22/32      AC:  4    Str: 17    XL:     3   Next: 0%
Magic:  3/3        EV: 13    Int:  8    God:
Gold:   74         SH:  0    Dex: 15    Spells: 2/2 levels left

rFire    . . .     SeeInvis .   a - +0 flail
rCold    . . .     Gourm    .   (no shield)
rNeg     . . .     Faith    .   b - +0 leather armour
rPois    .         Spirit   .   c - +0 helmet
rElec    .         Reflect  .   (no cloak)
rCorr    .         Harm     .   (no gloves)
MR       .....                  (no boots)
Stlth    +.........             (no amulet)
HPRegen  0.00/turn              (no ring)
MPRegen  0.08/turn              (no ring)

@: non-regenerating
A: damage resistance, heal wounds, sense surroundings 1, no regeneration
a: Heal Wounds


You were on level 1 of the Dungeon.
You were not hungry.

You visited 1 branch of the dungeon, and saw 1 of its levels.

You collected 74 gold pieces.

Inventory:

Hand Weapons
 a - a +0 flail (weapon)
Missiles
 d - 3 throwing nets (quivered)
Armour
 b - a +0 leather armour (worn)
 c - a +0 helmet (worn)
Scrolls
 e - a scroll of teleportation {unknown}
 g - 2 scrolls of identify {unknown}
 i - a scroll of magic mapping {unknown}
Potions
 h - a potion of agility {unknown}
 j - a potion of lignification {unknown}
 k - a potion of ambrosia {unknown}
 l - a potion of degeneration {unknown}
Comestibles
 f - 5 rations


   Skills:
 - Level 1.7 Fighting
 + Level 4.2 Maces & Flails
 - Level 1.7 Throwing
 - Level 3.2 Dodging


You had 2 spell levels left.
You didn't know any spells.
Your spell library was empty.

Dungeon Overview and Level Annotations

Branches:
Dungeon (1/15)

Altars:


Innate Abilities, Weirdness & Mutations

You are resistant to damage.
You can heal yourself by infusing magical energy.
You passively map a small area around you.
You do not regenerate.


Message History

You barely miss the frilled lizard. The frilled lizard closely misses you.
You closely miss the frilled lizard. The frilled lizard closely misses you.
You closely miss the frilled lizard. The frilled lizard bites you.
You barely miss the frilled lizard.
The frilled lizard bites you but does no damage.
You sock the frilled lizard!
You kill the frilled lizard!
You have reached level 3!
Your experience leads to an increase in your attributes!
Increase (S)trength, (I)ntelligence, or (D)exterity?
Uppercase letters only, please.
The leopard gecko bites you but does no damage.
Welcome back, truemonolith the Deep Dwarf Gladiator.
Press ? for a list of commands and other information.
You have reached level 3!
Your experience leads to an increase in your attributes!
Increase (S)trength, (I)ntelligence, or (D)exterity?
Uppercase letters only, please.
You feel agile.
Are you sure you want to abandon this character and quit the game? (Confirm with "yes".)

.#. ########+#.###
...##............#
....#............#
....#............#
....#............#
.........###.###.####
......)..# #.#......#
.........# #.#.#.##.#
.........# #.#..@#*
#* * ##.......#
#.####l......
.........# #.#
.#.#### ##.#.....#
#.# *.# .. #.#..####
#.# .# ## #.##.#
##.###*.# * #.
#.#####.... .., * #.
#.......... .# , #.
##.####..##*


You could see a leopard gecko.

Vanquished Creatures
  2 dart slugs (D:1)
  A leopard gecko (D:1)
  2 giant cockroaches (D:1)
  3 goblins (D:1)
  4 hobgoblins (D:1)
  A kobold (D:1)
  4 bats (D:1)
  2 frilled lizards (D:1)
  4 rats (D:1)
23 creatures vanquished.

Notes
Turn   | Place    | Note
-------+----------+-------------------------------------------
     0 | D:1      | truemonolith the Deep Dwarf Gladiator began the quest for
                  | the Orb.
     0 | D:1      | Reached XP level 1. HP: 19/19 MP: 1/1
    66 | D:1      | Reached XP level 2. HP: 26/26 MP: 2/2
   320 | D:1      | Reached skill level 4 in Maces & Flails
   409 | D:1      | Upgraded the game from 0.23.2-1-ga50397a to
                  | 0.23.2-33-g5129a83184
   409 | D:1      | Reached XP level 3. HP: 22/32 MP: 3/3
   409 | D:1      | Quit the game

Skill      XL: |  1  2 |
---------------+-------+-----
Maces & Flails | 4 |  4.2
Fighting       | |  1.7
Throwing       | |  1.7
Dodging        | |  3.2

Action                   || total
-------------------------++-------
Melee: Flail             ||    50
Armor: Leather armour    ||    26
Dodge: Dodged            ||    58
